 Dungeon Crawl Stone Soup version 0.27.1-33-g824d729ab1 (webtiles) character file.

Game seed: 8575802551649280155

406 Holzbalken the Chopper (level 6, -5/44 HPs)
             Began as a Demonspawn Gladiator on Dec 9, 2021.
             Slain by an orc (7 damage)
             ... on level 4 of the Dungeon.
             The game lasted 00:05:57 (3350 turns).

Holzbalken the Chopper (Demonspawn Gladiator)       Turns: 3350, Time: 00:05:57

Health: -5/44      AC:  8    Str: 16    XL:     6   Next: 56%
Magic:  0/6        EV: 10    Int: 10    God:
Gold:   136        SH:  0    Dex: 14    Spells: 5/5 levels left

rFire    + . .     SeeInvis .   a - +0 war axe
rCold    + . .     Faith    .   (no shield)
rNeg     . . .     Spirit   +   f - +0 scale mail
rPois    .         Reflect  .   (helmet restricted)
rElec    .         Harm     .   k - scarf {rC+ rF+}
rCorr    .         Rampage  .   (no gloves)
Will     +....                  (no boots)
Stlth    ..........             i - amulet of guardian spirit
HPRegen  0.14/turn              e - ring of willpower
MPRegen  0.10/turn              (no ring)

@: no status effects
A: antennae 2, slimy green scales 1
a: no special abilities


You were on level 4 of the Dungeon.
You visited 1 branch of the dungeon, and saw 4 of its levels.

You collected 136 gold pieces.

Inventory:

Hand Weapons
 a - a +0 war axe (weapon)
Missiles
 d - 3 throwing nets (quivered)
Armour
 b - a +0 leather armour
 c - a +0 helmet
 f - a +0 scale mail (worn)
 k - a scarf of resistance (worn)
 m - a +0 tower shield
Jewellery
 e - a ring of willpower (left hand)
 i - an amulet of guardian spirit (around neck)
Scrolls
 h - a scroll of teleportation
 l - a scroll of enchant armour {unknown}
Potions
 g - a potion of lignification {unknown}
Miscellaneous
 j - a phial of floods


   Skills:
 - Level 2.0 Fighting
 * Level 6.6 Axes
 - Level 1.7 Throwing
 - Level 2.6 Dodging
 + Level 1.2 Shields


You had 5 spell levels left.
You didn't know any spells.
Your spell library was empty.

Dungeon Overview and Level Annotations

Branches:
Dungeon (4/15)
 Temple: D:4-7

Altars:


Innate Abilities, Weirdness & Mutations

You have a pair of antennae on your head.
You are partially covered in slimy green scales. (AC +2)


Message History

The orc hits you from afar with a +0 trident.
* * * LOW HITPOINT WARNING * * *
The orc hits you but does no damage.
You hit the orc.
The orc is moderately wounded.
The orc hits you but does no damage. The orc barely misses you.
The orc hits you but does no damage. The orc closely misses you.
You hit the orc but do no damage.
The orc is moderately wounded.
The orc hits you but does no damage. x2
You completely miss the orc.
The orc is moderately wounded.
The orc closely misses you. x2
You closely miss the orc.
The orc is moderately wounded.
The orc hits you with a +0 short sword.
* * * LOW HITPOINT WARNING * * *
The orc hits you but does no damage.
You hit the orc but do no damage.
The orc is moderately wounded.
The orc closely misses you. The orc hits you with a +0 short sword.
* * * LOW HITPOINT WARNING * * *
You hit the orc but do no damage.
The orc is moderately wounded.
The orc barely misses you. x2
You hit the orc.
The orc is severely wounded.
The orc closely misses you. The orc barely misses you.
The orc hits you but does no damage. The orc hits you with a +0 short sword.
* * * LOW HITPOINT WARNING * * *
You closely miss the orc.
The orc is severely wounded.
The orc hits you but does no damage. x2
You hit the orc but do no damage.
The orc is severely wounded.
The orc hits you but does no damage. The orc barely misses you.
You hit the orc but do no damage.
The orc is severely wounded.
The orc hits you from afar with a +0 trident!
You die...

. .## ..# #.# ###
#.# ..# #o#
#......[##.# #o#
#.......##(# #@#
#.>.....##.# #.#
#.......##.# #.#
#.......##.# #.#
#...(...##.#
#.####.......##)##
#............)....
#######.#.#.######
#.......#
#######.#


You could see 2 orcs.

Vanquished Creatures
  An ogre (D:3)
  A centaur (D:4)
  A phantom (D:3)
  A bullfrog skeleton (D:2)
  Natasha (D:4)
  An orc wizard (D:4)
  A gnoll (D:3)
  2 adders
  A worm (D:3)
  2 dart slugs
  7 orcs
  2 ball pythons (D:1)
  5 endoplasms
  2 goblins
  8 hobgoblins
  3 jackals (D:1)
  6 kobolds
  3 quokkas (D:1)
  5 bats
  A frilled lizard (D:3)
  2 rats (D:3)
56 creatures vanquished.

Vanquished Creatures (others)
  An endoplasm (D:2)
  A goblin (D:2)
  A bat (D:2)
3 creatures vanquished.

Grand Total: 59 creatures vanquished

Notes
Turn   | Place    | Note
-------+----------+-------------------------------------------
     0 | D:1      | Holzbalken the Demonspawn Gladiator began the quest for the
                  | Orb.
     0 | D:1      | Reached XP level 1. HP: 16/16 MP: 1/1
    81 | D:1      | Reached skill level 3 in Axes
   207 | D:1      | Gained mutation: You have a pair of small antennae on your
                  | head. [demonic ancestry]
   207 | D:1      | Reached XP level 2. HP: 22/22 MP: 2/2
   940 | D:2      | Reached XP level 3. HP: 19/27 MP: 3/3
  1028 | D:2      | Reached skill level 4 in Axes
  1246 | D:2      | Gained mutation: You have a pair of antennae on your head.
                  | [demonic ancestry]
  1246 | D:2      | Reached XP level 4. HP: 18/33 MP: 2/4
  2186 | D:3      | Noticed an ogre
  2195 | D:3      | HP: 1/33 [ogre (12)]
  2196 | D:3      | Killed an ogre
  2197 | D:3      | Reached skill level 5 in Axes
  2197 | D:3      | Reached XP level 5. HP: 2/38 MP: 0/5
  2783 | D:3      | Noticed a phantom
  2794 | D:3      | Killed a phantom
  2795 | D:3      | Reached skill level 6 in Axes
  2795 | D:3      | Gained mutation: You are partially covered in slimy green
                  | scales. (AC +2) [demonic ancestry]
  2795 | D:3      | Reached XP level 6. HP: 27/44 MP: 4/6
  3122 | D:4      | Noticed Natasha
  3130 | D:4      | Killed Natasha
  3148 | D:4      | Reached skill level 1 in Shields
  3347 | D:4      | HP: 2/44 [orc (1)]
  3350 | D:4      | Slain by an orc

Illustrated notes

Levels and vault maps discovered:
D:1:      dpeg_arrival_water_temple_mockup, layout_basic
D:2:      layout_basic, lemuel_flame_loot_1
D:3:      minmay_chambers_of_twos, layout_basic, serial_glass, glass_columns_c,
          glass_columns_b, minmay_checkerbox
D:4:      layout_loops_ring, mainiacjoe_overflow_six_doors_small,
          nicolae_shop_clearance, uniq_sigmund, uniq_natasha

Skill      XL: |  1  2  3  4  5  6 |
---------------+-------------------+-----
Axes           | 3 4 5 6 |  6.6
Shields        | 1 |  1.2
Fighting       | |  2.0
Throwing       | |  1.7
Dodging        | |  2.6

Action                   |  1- 3 |  4- 6 || total
-------------------------+-------+-------++-------
Melee: War axe           |    66 |   142 ||   208
  Use: Scroll            |       |     5 ||     5
Armor: Leather armour    |    17 |    10 ||    27
       Scale mail        |       |    59 ||    59
Dodge: Dodged            |    58 |    73 ||   131
